 Dungeon Crawl Stone Soup version 0.27-a0-1579-g97d2440184 (webtiles) character file.

Game seed: 895546641028101985

42 dolemite99 the Chopper (level 3, 0/31 HPs)
             Began as a Hill Orc Fighter on July 18, 2021.
             Was a Follower of Dithmenos.
             Slain by an adder (1 damage)
             ... on level 2 of the Dungeon.
             The game lasted 00:01:13 (1844 turns).

dolemite99 the Chopper (Hill Orc Fighter)           Turns: 1844, Time: 00:01:14

Health: 0/31       AC:  6    Str: 19    XL:     3   Next: 56%
Magic:  3/3        EV:  7    Int:  8    God:    Dithmenos [*.....]
Gold:   105        SH:  9    Dex: 10    Spells: 2/2 levels left

rFire    . . .     SeeInvis +   a - +0 war axe
rCold    . . .     Faith    .   c - +0 kite shield
rNeg     . . .     Spirit   .   b - +0 scale mail
rPois    .         Reflect  .   (no helmet)
rElec    .         Harm     .   (no cloak)
rCorr    .         Rampage  .   (no gloves)
Will     .....                  (no boots)
Stlth    ..........             (no amulet)
HPRegen  0.10/turn              g - ring of see invisible
MPRegen  0.08/turn              (no ring)

@: lethally poisoned (0 -> -3), wreathed by umbra
A: no striking features
a: Renounce Religion


You were on level 2 of the Dungeon.
You worshipped Dithmenos.
Dithmenos was aware of your devotion.
You visited 1 branch of the dungeon, and saw 2 of its levels.

You collected 105 gold pieces.

Inventory:

Hand Weapons
 a - a +0 war axe (weapon)
 e - a +4 whip
Missiles
 f - 48 arrows
 j - 55 stones (quivered)
 l - 10 poisoned darts
Armour
 b - a +0 scale mail (worn)
 c - a +0 kite shield (worn)
Jewellery
 g - a ring of see invisible (left hand)
Scrolls
 h - 2 scrolls of teleportation {unknown}
 k - a scroll of fog {unknown}
Potions
 d - a potion of might
 i - 2 potions of curing {unknown}


   Skills:
 - Level 3.6 Fighting
 + Level 5.1 Axes
 - Level 3.2 Armour
 - Level 3.2 Shields


You had 2 spell levels left.
You didn't know any spells.
Your spell library was empty.

Dungeon Overview and Level Annotations

Branches:
Dungeon (2/15)

Altars:
Dithmenos


Message History

You completely miss the adder. The adder bites you but does no damage.
The adder bites you.
You are poisoned.
The adder poisons you!
You slash the adder!
The adder is almost dead.
You feel sick. The adder bites you but does no damage.
The adder barely misses you.
You closely miss the adder.
The adder is almost dead.
You feel sick. The adder bites you.
You are more poisoned.
The adder poisons you! You block the adder's attack.
You closely miss the adder.
The adder is almost dead.
You feel very sick. The adder bites you. x2
You are more poisoned.
The adder poisons you!
You closely miss the adder.
The adder is almost dead.
* * * LOW HITPOINT WARNING * * *
You feel very sick. The adder bites you.
* * * LOW HITPOINT WARNING * * *
The adder bites you.
* * * LOW HITPOINT WARNING * * *
You are too injured to fight recklessly!
You miss the adder.
The adder is almost dead.
* * * LOW HITPOINT WARNING * * *
You feel sick. You block the adder's attack. The adder bites you.
* * * LOW HITPOINT WARNING * * *
You are too injured to fight recklessly!
There is a lethal amount of poison in your body!
You barely miss the adder.
The adder is almost dead.
* * * LOW HITPOINT WARNING * * *
You feel sick. The adder bites you.
You die...

#.#
########.#
#.#.#.#
#.#
#........#
#.#.#.#
#.########
#.#.#.#
#.#
#.#.#.#
#.#
#.#.#.#
#.#
#.#.#.#
#.#
#.#...#
#.########
#.#####
#.@S......
#......
##########
#######


You could see an adder.

Vanquished Creatures
  A dart slug (D:2)
  4 ball pythons
  5 endoplasms
  A giant cockroach (D:2)
  A hobgoblin (D:2)
  6 jackals (D:1)
  2 quokkas (D:1)
  5 bats
  5 frilled lizards
  A goblin (D:2)
  5 kobolds
  3 rats (D:1)
39 creatures vanquished.

Notes
Turn   | Place    | Note
-------+----------+-------------------------------------------
     0 | D:1      | dolemite99 the Hill Orc Fighter began the quest for the
                  | Orb.
     0 | D:1      | Reached XP level 1. HP: 19/19 MP: 1/1
    31 | D:1      | Reached skill level 3 in Axes
   220 | D:1      | Reached XP level 2. HP: 25/26 MP: 2/2
   243 | D:1      | Reached skill level 4 in Axes
   506 | D:1      | Reached XP level 3. HP: 19/31 MP: 3/3
  1379 | D:2      | Found a faded altar of an unknown god.
  1514 | D:2      | Became a worshipper of Dithmenos the Shadowed
  1514 | D:2      | Reached * piety under Dithmenos
  1538 | D:2      | Reached skill level 5 in Axes
  1844 | D:2      | HP: 1/31 [poisoned by an adder]
  1844 | D:2      | Slain by an adder

Illustrated notes

Levels and vault maps discovered:
D:1:      minmay_arrival_four_loops, layout_rooms, serial_glass,
          glass_columns_b, glass_columns_a
D:2:      layout_basic, hellmonk_ecumenical_altar_heavens_door

Skill      XL: |  1  2  3 |
---------------+----------+-----
Axes           | 3 4 5 |  5.1
Fighting       | |  3.6
Armour         | |  3.2
Shields        | |  3.2

Action                   || total
-------------------------++-------
Melee: War axe           ||   104
Throw: Stone             ||    46
Armor: Scale mail        ||    71
Dodge: Dodged            ||    37
Block: Kite shield       ||    73

Table legend: (Time is in decaauts)
 A = Elapsed time spent in this place.
 B = Non-inter-level travel time spent in this place.
 C = Inter-level travel time spent in this place.
 D = Time resting spent in this place.
 E = Time spent auto-exploring this place.
 F = Levels seen in this place.
 G = Mean time per level.
                   A        B        C        D        E       F      G
               +--------+--------+--------+--------+--------+-----+--------+
         Total |   1913 |   1880 |     33 |    587 |    913 |   2 |  956.5 |
       Dungeon |   1913 |   1880 |     33 |    587 |    913 |   2 |  956.5 |
               +--------+--------+--------+--------+--------+-----+--------+

Top non-repeatable levels by time:
     D:1: 1211 daAuts
     D:2: 702 daAuts
